 Dungeon Crawl Stone Soup version 0.17.0-1-g61d176b (console) character file.

100 gw the Magician (level 4, 0/26 HPs)
             Began as a Deep Elf Air Elementalist on Nov 7, 2015.
             Was an Initiate of Vehumet.
             Slain by a worm (4 damage)
             ... on level 2 of the Dungeon.
             The game lasted 00:02:06 (2021 turns).

gw the Magician (Deep Elf Air Elementalist)         Turns: 2021, Time: 00:02:06

Health: 0/26       AC:  5    Str:  5    XL:     4   Next: 46%
Magic:  1/12       EV: 13    Int: 21    God:    Vehumet [......]
Gold:   77         SH:  0    Dex: 15    Spells: 1 memorised, 10 levels left

rFire  . . .     SeeInvis .     a - +0 mace
rCold  . . .     Clarity  .     d - +0 robe
rNeg   . . .     SustAt   .     (no shield)
rPois  .         Gourm    .     (no helmet)
rElec  .         Spirit   .     e - +2 cloak
rCorr  .         Warding  .     (no gloves)
rMut   .         Stasis   .     (no boots)
MR     .....                    (no amulet)
Stlth  ++........               (no ring)
                                (no ring)

@: very slightly contaminated, not resistant to hostile enchantments, unstealthy
A: no striking features
a: Renounce Religion


You were on level 2 of the Dungeon.
You worshipped Vehumet.
Vehumet was noncommittal.
You were not hungry.

You visited 1 branch of the dungeon, and saw 2 of its levels.

You collected 77 gold pieces.

Inventory:

Hand Weapons
 a - a +0 mace (weapon)
Armour
 d - a +0 robe (worn)
 e - a +2 cloak (worn)
Books
 b - a book of Air

   Spells                             Type                      Level
   a - Shock                          Conjuration/Air              1
   b - Swiftness                      Charms/Air                   2
   c - Repel Missiles                 Charms/Air                   2
   d - Static Discharge               Conjuration/Air              3
   e - Lightning Bolt                 Conjuration/Air              5
Comestibles
 c - 3 bread rations


   Skills:
 * Level 1.7 Fighting
 + Level 1.1 Maces & Flails
 + Level 1.2 Armour
 - Level 2.4 Dodging
 - Level 2.4 Stealth
 + Level 4.2 Spellcasting
 - Level 1.1 Conjurations
 - Level 3.0 Air Magic


You had 10 spell levels left.
You knew the following spells:

 Your Spells              Type           Power        Failure   Level  Hunger
a - Shock                 Conj/Air       ##..         6%          1    None


Dungeon Overview and Level Annotations

Branches:
Dungeon (2/15)

Altars:
Ru
Vehumet
Yredelemnul


Message History

The worm is severely wounded.
The giant cockroach waves its antennae.
The worm bites you but does no damage.
Unknown command.
Unknown command.
Unknown command.
Unknown command.
ATTACKING (0,1)
You hit the worm.
The worm is almost dead.
The worm bites you.
Unknown command.
Unknown command.
Unknown command.
Unknown command.
ATTACKING (0,1)
You hit the worm but do no damage.
The worm is almost dead.
The worm bites you.
You die...

#............###
##.######..##
##.##.....####
#..........## #....###.#
.......<...## ####.###.#
...#######...
######.##..# #.##
.......##[## #..#
#.......#.# # #..##
#.#####.#.######## .#
#..## ........?.......e#
..# #..##
.....##.#..##.##w###...#
#..#
........#..##...s.......
...##
.....###...##...........
... .....#
#.#.##........... ##.
.....# #.#.#####.#...>.s
#. .....# #.#..
........# #. ######
#.### .###.....# ##
######### .. .....#


You could see a worm and a giant cockroach.

Table legend:
 A = Turns spent in this place as a percentage of turns spent in the entire game.
 B = Non-inter-level travel turns spent in this place as a percentage of non-inter-level travel turns spent in the entire game.
 C = Inter-level travel turns spent in this place as a percentage of turns spent in this place.
 D = Turns resting spent in this place as a percentage of non-inter-level travel turns spent in this place.
 E = Turns spent auto-exploring this place as a percentage of non-inter-level travel turns spent in this place.
 F = Non-inter-level travel turns spent in this place divided by the number of levels of this place that you've seen.
                   A       B       C       D       E      F
               +-------+-------+-------+-------+-------+----------------------
         Total | 100.0 | 100.0 |   0.4 |   4.0 |   2.6 | 1363.0
       Dungeon | 100.0 | 100.0 |   0.4 |   4.0 |   2.6 | 1363.0
               +-------+-------+-------+-------+-------+----------------------

Table legend:
 A = Kills in this place as a percentage of kills in entire the game.
 B = Kills by you in this place as a percentage of kills by you in the entire game.
 C = Kills by friends in this place as a percentage of kills by friends in the entire game.
 D = Other kills in this place as a percentage of other kills in the entire game.
 E = Experience gained in this place as a percentage of experience gained in the entire game.
 F = Experience gained in this place divided by the number of levels of this place that you have seen.
                   A       B       C       D       E      F
               +-------+-------+-------+-------+-------+----------------------
         Total | 100.0 | 100.0 |  -nan |  -nan | 100.0 |  71.5
       Dungeon | 100.0 | 100.0 |  -nan |  -nan | 100.0 |  71.5
               +-------+-------+-------+-------+-------+----------------------

Vanquished Creatures
  An orc wizard (D:2)
  2 adders (D:2)
  3 oozes (D:2)
  A giant gecko (D:2)
  A giant cockroach (D:1)
  8 hobgoblins
  A jackal (D:2)
  4 kobolds
  A quokka (D:2)
  7 bats
  A giant newt (D:2)
  6 goblins
  5 rats
41 creatures vanquished.

Notes
Turn   | Place    | Note
--------------------------------------------------------------
     0 | D:1      | gw the Deep Elf Air Elementalist began the quest for the Orb.
     0 | D:1      | Reached XP level 1. HP: 10/10 MP: 6/6
   232 | D:1      | Reached XP level 2. HP: 16/16 MP: 4/8
   649 | D:1      | Reached skill level 1 in Fighting
  1191 | D:2      | Found a radiant altar of Vehumet.
  1196 | D:2      | Became a worshipper of Vehumet
  1263 | D:2      | Found a sacrificial altar of Ru.
  1269 | D:2      | Reached XP level 3. HP: 20/20 MP: 3/10
  1344 | D:2      | Reached skill level 1 in Armour
  1631 | D:2      | Reached skill level 4 in Spellcasting
  1631 | D:2      | Reached XP level 4. HP: 23/25 MP: 2/12
  1720 | D:2      | Reached skill level 1 in Maces & Flails
  1825 | D:2      | Found a basalt altar of Yredelemnul.
  2021 | D:2      | Slain by a worm

Action                   |  1- 3 |  4- 6 || total
-------------------------+-------+-------++-------
Melee: Mace              |     7 |     5 ||    12
       Whip              |     1 |       ||     1
 Cast: Shock             |    89 |    31 ||   120
  Eat: Chunk             |     2 |     1 ||     3

Vault maps used:
D:1:      dpeg_arrival_morbid_curiosity
D:2:      nicolae_overflow_crystal_walls, lemuel_doored_altar, first_bread,
          minivault_5, nicolae_ru_great_annihilating_truth
